 Dungeon Crawl Stone Soup version 0.31.0-32-g396128a36d (webtiles) character file.

Game seed: 1067721663747022379

163 Killerpretzel the Changeling (level 5, 0/34 HPs)
             Began as an Octopode Shapeshifter on Mar 8, 2024.
             Succumbed to an adder's poison
             ... on level 3 of the Dungeon.
             The game lasted 00:03:17 (2227 turns).

Killerpretzel the Changeling (OpSh)                 Turns: 2227, Time: 00:03:17

Health: 0/34       AC:  1    Str: 13    XL:     5   Next: 44%
Magic:  5/5        EV: 14    Int: 12    God:
Gold:   93         SH:  0    Dex: 20    Spells: 4/4 levels left

rFire   . .          .
                       - Unarmed
rCold   . . .        (no shield)
rNeg    . . .        (helmet currently unavailable)
rPois   .            (no amulet)
rElec   .            f - +6 ring of dexterity
rCorr   .            l - ring of flight
SInv    .            (no ring)
Will    .....        (no ring)
Stlth   +++          (no ring)
HPRegen 0.25/turn    (no ring)
MPRegen 0.09/turn    (no ring)
                     (no ring)

%: no passive effects
@: lethally poisoned (0 -> -1), beast-form, flying
A: beast (slay +2), almost no armour, amphibious, 8 rings, camouflage 1,
gelatinous body 1, (nimble swimmer 1), tentacles
a: Begin Untransformation


You were on level 3 of the Dungeon.
You were a hulking beast.
You visited 1 branch of the dungeon, and saw 3 of its levels.

You collected 93 gold pieces.

Inventory:

Jewellery
 f - a +6 ring of dexterity (left tentacle)
 l - a ring of flight (right tentacle)
Talismans
 b - a beast talisman
 c - a flux talisman
Scrolls
 m - a scroll of teleportation
Potions
 a - 2 potions of lignification
 e - a potion of attraction {unknown}
 g - a potion of mutation {unknown}
 i - a potion of invisibility {unknown}
 n - a potion of curing {unknown}


   Skills:
 + Level 2.3 Fighting
 + Level 3.0 Dodging
 + Level 3.7 Unarmed Combat
 * Level 4.2 Shapeshifting


You had 4 spell levels left.
You didn't know any spells.
Your spell library contained the following spells:

 Spells                   Type           Power      Damage    Failure   Level
 Inner Flame              Hex/Fire       0%         N/A       69%         3
 Irradiate                Conj/Alch      0%         3d11      100%        5
 Ignition                 Fire           0%         3d3       100%        8


Dungeon Overview and Level Annotations

Branches:
Dungeon (3/15)

Altars:

Shops:
D:2 (

Annotations:
D:3 3 runed translucent doors, CapUranus's ghost, amateur HOFi; Grinder


Innate Abilities, Weirdness & Mutations

You are a hulking beast.
Your limbs bulge with bestial killing power. (Slay +2)
You cannot wear most types of armour.
You are amphibious.
You can wear up to eight rings at the same time.
Your skin changes colour to match your surroundings (Stealth+).
Your rubbery body absorbs attacks. (AC +1, EV +1)
((You are camouflaged when in or above water. (Stealth+)))
You have tentacles for arms and can constrict up to eight enemies at once.


Message History

The adder poisons you! The hobgoblin completely misses you.
The goblin closely misses you.
You fly downwards.
Level annotation: 3 runed translucent doors, CapUranus's ghost, amateur HOFi; Grinder You feel sick.
There is a stone staircase leading up here.
You are too injured to fight recklessly!
You barely miss the goblin. You grab the goblin. You constrict the goblin.
You feel sick. The goblin barely misses you. The adder misses you.
The hobgoblin hits you.
You bludgeon the goblin!
You kill the goblin!
You feel sick. The adder bites you. The goblin misses you.
The hobgoblin hits you.
You closely miss the adder. You grab the adder.
You constrict the adder, but do no damage.
You feel sick.
You are no longer poisoned.
The adder bites you. The goblin barely misses you. The adder bites you.
* * * LOW HITPOINT WARNING * * *
You are poisoned.
The adder poisons you!
You tentacle-slap the adder. You squeeze the adder.
The adder is severely wounded.
You constrict the adder.
You feel sick. The hobgoblin hits you.
* * * LOW HITPOINT WARNING * * *
The goblin misses you. The adder closely misses you.
You bludgeon the adder!
You kill the adder!
You feel sick. The hobgoblin barely misses you.
The goblin hits you with a +0 dagger.
* * * LOW HITPOINT WARNING * * *
Your Dodging skill increases to level 3!
You bludgeon the goblin!
You kill the goblin!
* * * LOW HITPOINT WARNING * * *
You feel sick. The hobgoblin misses you.
You tentacle-slap the hobgoblin.
You kill the hobgoblin!
You die...

#.##.##...#
#.(######
#.##.##.### #..#
#.......# #..#
#....#..#########..#
##.................#
#..##..##########.#
#......##########5#
##.##.)†##........#
#.#...h).....#
#....†....##.#
######
#####.######.#
#..... ### #.#
#.#### #.# ##.####
#.####......
#......#####
######.# # #.# #


There were no monsters in sight!

Vanquished Creatures
  A bombardier beetle (D:3)
  Robin (D:2)
  A gnoll (D:1)
  2 adders (D:3)
  A dart slug (D:3)
  A ribbon worm (D:3)
  8 endoplasms
  3 giant cockroaches
  8 goblins
  14 hobgoblins
  7 jackals
  4 quokkas
  12 ball pythons
  4 bats
  2 frilled lizards
  8 kobolds
  7 rats
84 creatures vanquished.

Notes
Turn   | Place    | Note
-------+----------+-------------------------------------------
     0 | D:1      | Killerpretzel the Octopode Shapeshifter began the quest for
                  | the Orb.
     0 | D:1      | Reached XP level 1. HP: 13/13 MP: 1/1
   186 | D:1      | Reached XP level 2. HP: 18/18 MP: 2/2
   308 | D:1      | Reached XP level 3. HP: 15/23 MP: 3/3
   842 | D:2      | Found Foilom's Weapon Boutique.
   947 | D:2      | Found a faded altar of an unknown god.
  1041 | D:2      | Reached XP level 4. HP: 29/29 MP: 4/4
  1068 | D:2      | Noticed Robin
  1078 | D:2      | HP: 1/29 [hobgoblin[Robin] (3)]
  1235 | D:3      | Found a runed translucent gate.
  1236 | D:3      | Found a runed translucent gate.
  1252 | D:3      | Found a runed translucent gate.
  1253 | D:3      | Noticed CapUranus's ghost (amateur HOFi)
  1254 | D:3      | Noticed a kobold brigand
  1457 | D:3      | Reached skill level 4 in Shapeshifting
  1545 | D:3      | Reached XP level 5. HP: 34/34 MP: 5/5
  1631 | D:3      | Noticed Grinder
  2112 | D:2      | Killed Robin
  2226 | D:3      | HP: 1/34 [poisoned by an adder]
  2227 | D:3      | Succumbed to an adder's poison

Illustrated notes

Levels and vault maps discovered:
D:1:      shiori_arrival_whats_in_store_for_you, layout_loops_ring
D:2:      layout_loops_ring, serial_shops, nicolae_shop_bloodbath_and_beyond,
          basic_ecumenical_altar, uniq_robin
D:3:      layout_loops_ring, gammafunk_ghost_nasty_kobolds, uniq_grinder

Skill      XL: |  1  2  3  4  5 |
---------------+----------------+-----
Fighting       | 2 |  2.3
Shapeshifting  | 4 |  4.2
Dodging        | 3 |  3.0
Unarmed Combat | |  3.7

Action                     |  1- 3 |  4- 6 || total
---------------------------+-------+-------++-------
  Melee: Unarmed           |    76 |    77 ||   153
         Constrict         |    22 |    24 ||    46
         Tentacles         |    11 |    19 ||    30
         Punch             |     2 |     1 ||     3
    Use: Scroll            |     2 |     5 ||     7
   Stab: Sleeping          |    10 |     1 ||    11
         Distracted        |     1 |       ||     1
 Armour: Skin              |    21 |    52 ||    73
  Dodge: Dodged            |    43 |    62 ||   105
